 Dungeon Crawl Stone Soup version 0.29-a0-337-g68df138881 (webtiles) character file.

Game seed: 1701727291441883843

1113 spaghetti the Thaumaturge (level 8, -1/46 HPs)
             Began as an Octopode Conjurer on Apr 16, 2022.
             Was a Believer of Vehumet.
             Slain by Pikel
             ... wielding a +2 whip of flaming
              (3 damage)
             ... on level 5 of the Dungeon.
             The game lasted 00:07:30 (5606 turns).

spaghetti the Thaumaturge (Octopode Conjurer)       Turns: 5606, Time: 00:07:31

Health: -1/46      AC:  1    Str:  7    XL:     8   Next: 33%
Magic:  0/20       EV: 13    Int: 22    God:    Vehumet [**....]
Gold:   259        SH:  0    Dex: 10    Spells: 13/24 levels left

rFire   . . .      SeeInvis .   i - +0 short sword {short}
rCold   . . .      Faith    .   (no shield)
rNeg    . . .      Spirit   +   (helmet restricted)
rPois   .          Reflect  .   d - amulet of guardian spirit
rElec   .          Harm     .   K - ring of resist corrosion
rCorr   +          Rampage  .   (no ring)
Will    .....                   (no ring)
Stlth   +++.......              (no ring)
HPRegen 0.15/turn               (no ring)
MPRegen 0.17/turn               (no ring)
                                (no ring)
                                (no ring)

@: no status effects
A: almost no armour, amphibious, 8 rings, camouflage 1, gelatinous body 1,
(nimble swimmer 1), tentacles
a: Renounce Religion


You were on level 5 of the Dungeon.
You worshipped Vehumet.
Vehumet was pleased with you.
You visited 1 branch of the dungeon, and saw 5 of its levels.

You collected 259 gold pieces.


Innate Abilities, Weirdness & Mutations

You cannot wear most types of armour.
You are amphibious.
You can wear up to eight rings at the same time.
Your skin changes colour to match your surroundings (Stealth+).
Your rubbery body absorbs attacks. (AC +1, EV +1)
((You are camouflaged when in or above water. (Stealth+)))
You have tentacles for arms and can constrict up to eight enemies at once.


   Skills:
 - Level 2.0 Dodging
 - Level 2.6 Stealth
 + Level 8.6 Spellcasting
 - Level 5.0 Conjurations


You had 13 spell levels left.
You knew the following spells:

 Your Spells              Type           Power      Damage    Failure   Level
a - Magic Dart            Conj           100%       1d8       1%          1
b - Searing Ray           Conj           62%        2d6       1%          2
c - Fulminant Prism       Conj/Hex       10%        3d9       26%         4
d - Iskenderun's Mystic   Conj/Tloc      20%        2d6       26%         4

Your spell library contained the following spells:

 Spells                   Type           Power      Damage    Failure   Level
 Shock                    Conj/Air       80%        1d8       2%          1
 Animate Skeleton         Necr           18%        N/A       7%          1
 Pain                     Necr           36%        1d5       7%          1
 Slow                     Hex            36%        N/A       7%          1
 Sting                    Tmut/Pois      36%        1d4       7%          1
 Dazzling Flash           Conj/Hex       40%        N/A       8%          3
 Poisonous Vapours        Pois/Air       18%        N/A       11%         2
 Confusing Touch          Hex            9%         N/A       22%         3
 Vampiric Draining        Necr           9%         2d6       22%         3
 Olgreb's Toxic Radiance  Pois           9%         N/A       56%         4

Inventory:

Hand Weapons
 e - a +0 club {mace}
   (You found it on level 1 of the Dungeon)
 i - a +0 short sword (weapon) {short}
   (You took it off a kobold on level 1 of the Dungeon)
 j - a +0 dagger {short}
   (You found it on level 1 of the Dungeon)
 k - a +0 club {mace}
   (You took it off a kobold on level 1 of the Dungeon)
 l - a +0 hand axe {axe}
   (You found it on level 1 of the Dungeon)
 r - a +0 mace {mace}
   (You found it on level 2 of the Dungeon)
 t - a +0 dagger {short}
   (You took it off a kobold on level 2 of the Dungeon)
 v - a +0 club {mace}
   (You took it off a kobold on level 2 of the Dungeon)
 w - a +0 dagger {short}
   (You took it off a goblin on level 2 of the Dungeon)
 x - a +0 hunting sling {sling}
   (You took it off a goblin on level 2 of the Dungeon)
 y - a +0 club {mace}
   (You took it off a kobold on level 2 of the Dungeon)
Missiles
 h - 171 stones {throwing}
 A - 12 boomerangs {throwing}
 B - 2 poisoned darts {throwing}
Jewellery
 d - an amulet of guardian spirit (around mantle)
   (You found it on level 1 of the Dungeon)
 K - a ring of resist corrosion (left tentacle)
   (You found it on level 4 of the Dungeon)
Wands
 a - a wand of digging (6)
   (You found it on level 5 of the Dungeon)
 L - a wand of mindburst (13)
   (You found it on level 4 of the Dungeon)
Scrolls
 c - 3 scrolls of teleportation {unknown}
 m - 2 scrolls of fear {unknown}
 o - a scroll of amnesia {unknown}
 p - a scroll of fog {unknown}
 u - a scroll of silence {unknown}
 z - a scroll of noise {unknown}
 C - a scroll of holy word {unknown}
 E - a scroll of acquirement {unknown}
 G - 2 scrolls of identify {unknown}
 H - a scroll of immolation {unknown}
 I - a scroll of enchant armour {unknown}
 M - a scroll of magic mapping {unknown}
 P - a scroll of brand weapon {unknown}
Potions
 b - a potion of attraction {unknown}
 f - 3 potions of heal wounds {@q2}
 g - 2 potions of ambrosia {unknown}
 n - 3 potions of haste {unknown}
 q - 2 potions of lignification {unknown}
 s - a potion of invisibility {unknown}
 D - 2 potions of curing {unknown}
 F - 2 potions of brilliance {unknown}
 J - a potion of might {unknown}
 N - a potion of experience {unknown}
 O - a potion of resistance {unknown}

Dungeon Overview and Level Annotations

Branches:
Dungeon (5/15)
 Temple: D:4-7

Altars:
Vehumet

Shops:
D:3 ((**

Annotations:
D:5 Pikel

.###.###.# #.... #.#
#.# #.... ##.#
#.######## #.... ...
..##.....# ###.. ...
5.##.....# ### # #.#
5###.....# # #.#.# 5#
#.....# # #.#.##K#
#...[.# # #....@.#
###.### # ###.#### #.#
# #.# ###.# # ##.##
#...# #######
##...#####.#####......
#.#.>............#####
###.#.####..####..##...
###########.##.##
#........##.##
........##.#.###
#.##.##.###.##


You could see Pikel and 3 lemures.


Message History

You see here a +0 mace {mace}.
There is a stone staircase leading down here.
Pikel is nearby!
Pikel is nearby!
Pikel is nearby!
Casting: Searing Ray (safe; 1% risk of failure)
Confirm with . or Enter, or press ? or * to list all spells.
You can't see any susceptible monsters within range! (Use Z to cast anyway.)
Casting: Searing Ray (safe; 1% risk of failure)
Confirm with . or Enter, or press ? or * to list all spells.
Aiming: Magic Dart (safe; 1% risk of failure)
Press: ? - help, Shift-Dir - straight line, f - Pikel
Aim: Pikel, wielding a +2 whip of flaming and wearing a +0 robe (wandering, hasn't noticed you, 100% to hit)
The magic dart hits Pikel.
Pikel shouts!
You hear a shout! 😎 MP[-1]
You lost 1 mp, and now have 19/20 mp.
Casting: Magic Dart (safe; 1% risk of failure)
Confirm with . or Enter, or press ? or * to list all spells.
Aiming: Searing Ray (safe; 1% risk of failure)
Press: ? - help, Shift-Dir - straight line, f/p - Pikel
Aim: Pikel, wielding a +2 whip of flaming and wearing a +0 robe (lightly wounded, 74% to hit)
The searing ray hits Pikel. (Press . to maintain the ray.) 😎 MP[-2]
You lost 2 mp, and now have 17/20 mp.
The searing ray hits Pikel.
A lemure comes into view. 😎 MP[-1]
You lost 1 mp, and now have 16/20 mp.
The searing ray hits Pikel! 😎 MP[-1]
You lost 1 mp, and now have 15/20 mp.
The searing ray hits Pikel.
You finish channelling your searing ray.
The lemure shouts!
You hear a shout!
Pikel hits you with a +2 whip of flaming.
Pikel burns you. 😕 HP[-5] MP[-2]
You take 5 damage, and now have 41/46 hp.
You lost 2 mp, and now have 13/20 mp.
Casting: Searing Ray (safe; 1% risk of failure)
Confirm with . or Enter, or press ? or * to list all spells.
Aiming: Searing Ray (safe; 1% risk of failure)
Press: ? - help, Shift-Dir - straight line, f/p - Pikel
Aim: Pikel, wielding a +2 whip of flaming and wearing a +0 robe (severely wounded, 74% to hit)
The searing ray hits Pikel. (Press . to maintain the ray.) Pikel barely misses you.
A lemure comes into view. 😕 MP[-1]
You lost 1 mp, and now have 12/20 mp.
The searing ray hits Pikel.
Pikel barely misses you. 😕 MP[-1]
You lost 1 mp, and now have 11/20 mp.
The searing ray hits Pikel but does no damage.
The lemure shouts!
Pikel hits you with a +2 whip of flaming!
Pikel burns you. 😮 HP[-11] MP[-3]
You take 11 damage, and now have 30/46 hp.
MASSIVE DAMAGE!! (PAUSE)
You lost 3 mp, and now have 8/20 mp.
The searing ray hits Pikel.
You finish channelling your searing ray.
Pikel hits you with a +2 whip of flaming!
* * * LOW HITPOINT WARNING * * *
Pikel burns you.
* * * LOW HITPOINT WARNING * * *
😨 HP[-10] MP[-3]
You take 10 damage, and now have 20/46 hp.
MASSIVE DAMAGE!! (PAUSE)
You lost 3 mp, and now have 5/20 mp.
Casting: Searing Ray (safe; 1% risk of failure)
Confirm with . or Enter, or press ? or * to list all spells.
Aiming: Searing Ray (safe; 1% risk of failure)
Press: ? - help, Shift-Dir - straight line, f/p - Pikel
Aim: Pikel, wielding a +2 whip of flaming and wearing a +0 robe (almost dead, 74% to hit)
The searing ray misses Pikel. (Press . to maintain the ray.) Pikel hits you with a +2 whip of flaming!
* * * LOW HITPOINT WARNING * * *
Pikel burns you.
* * * LOW HITPOINT WARNING * * *
😱 HP[-13] MP[-3]
You take 13 damage, and now have 7/46 hp.
MASSIVE DAMAGE!! (PAUSE)
You lost 3 mp, and now have 2/20 mp.
Unknown command.
The searing ray hits Pikel.
Pikel closely misses you. 😱 HP[+1] MP[-1]
You lost 1 mp, and now have 1/20 mp.
The searing ray hits Pikel but does no damage.
Pikel closely misses you.
The searing ray hits Pikel.
You finish channelling your searing ray.
Pikel hits you with a +2 whip of flaming.
* * * LOW HITPOINT WARNING * * *
Pikel burns you.
You die...

Skill      XL: |  1  2  3  4  5  6  7 |
---------------+----------------------+-----
Conjurations   | 5 |  5.0
Spellcasting   | 3 4 5 6 8 |  8.6
Dodging        | |  2.0
Stealth        | |  2.6

Action                   |  1- 3 |  4- 6 |  7- 9 || total
-------------------------+-------+-------+-------++-------
Melee: Unarmed           |    15 |       |       ||    15
       Tentacles         |     3 |     4 |     1 ||     8
       Constrict         |     3 |     4 |     1 ||     8
       Short sword       |     3 |    12 |     2 ||    17
 Cast: Magic Dart        |    82 |    57 |    13 ||   152
       Searing Ray       |       |     4 |    17 ||    21
  Use: Potion            |       |     2 |       ||     2
Armor: Skin              |     3 |     1 |       ||     4
Dodge: Dodged            |     9 |    13 |     9 ||    31

Levels and vault maps discovered:
D:1:      dpeg_arrival_windows_large_door, layout_rooms
D:2:      layout_basic, dreamdust_ecumenical_altar_angels_and_demons,
          minmay_tromino_v4_a
D:3:      layout_basic, serial_shops, nicolae_shop_stone, shop,
          nicolae_shop_trees, shop, roderic_cross_of_infinity
D:4:      layout_gridville, nicolae_ossuary_entry_monument
D:5:      layout_loops_cross, minmay_fractal_squares_gapless_5, uniq_eustachio,
          uniq_pikel, uniq_grinder

Notes
Turn   | Place    | Note
-------+----------+-------------------------------------------
     0 | D:1      | spaghetti the Octopode Conjurer began the quest for the
                  | Orb.
     0 | D:1      | Reached XP level 1. HP: 11/11 MP: 3/3
     0 | D:1      | magus.rc [v1.9.6]
   227 | D:1      | You pick up a book of Necromancy and begin reading...
   227 | D:1      | You add the spells Pain, Animate Skeleton and Vampiric
                  | Draining to your library.
   577 | D:1      | Reached XP level 2. HP: 17/17 MP: 1/5
   580 | D:1      | Learned a level 2 spell: Searing Ray
  1037 | D:2      | Reached XP level 3. HP: 12/21 MP: 1/6
  1589 | D:2      | Found a faded altar of an unknown god.
  1599 | D:2      | Prayed at the altar of an unknown god.
  1599 | D:2      | Became a worshipper of Vehumet
  1599 | D:2      | Reached * piety under Vehumet
  1599 | D:2      | Offered knowledge of Foxfire by Vehumet.
  2015 | D:2      | Reached skill level 5 in Conjurations
  2103 | D:3      | Found Yluveq's Assorted Antiques.
  2322 | D:3      | Reached skill level 3 in Spellcasting
  2322 | D:3      | Reached XP level 4. HP: 27/27 MP: 4/8
  2420 | D:3      | Found Naalod's Weapon Boutique.
  2498 | D:3      | Found Zuixuiko's Antique Weapon Emporium.
  2716 | D:3      | Found Rug Utaef's General Store.
  2981 | D:4      | Noticed a black bear
  3343 | D:4      | Killed a black bear
  3344 | D:4      | Reached skill level 4 in Spellcasting
  3344 | D:4      | Reached XP level 5. HP: 31/31 MP: 3/11
  3425 | D:4      | You pick up a book of Debilitation and begin reading...
  3425 | D:4      | You add the spells Slow and Confusing Touch to your
                  | library.
  3440 | D:4      | Reached skill level 5 in Spellcasting
  3440 | D:4      | Reached XP level 6. HP: 17/36 MP: 2/13
  3847 | D:5      | Entered Level 5 of the Dungeon
  3884 | D:5      | Offered knowledge of Shock by Vehumet.
  3890 | D:5      | Noticed Eustachio
  3954 | D:5      | Reached ** piety under Vehumet
  3965 | D:5      | HP: 8/36 [shadow imp[Eustachio] (2)]
  3967 | D:5      | Killed Eustachio
  3968 | D:5      | Reached skill level 6 in Spellcasting
  4227 | D:4      | Learned a level 4 spell: Fulminant Prism
  4232 | D:4      | Learned a level 4 spell: Iskenderun's Mystic Blast
  4273 | D:5      | Reached XP level 7. HP: 35/41 MP: 10/16
  4613 | D:5      | Reached skill level 7 in Spellcasting
  4648 | D:5      | Noticed Pikel
  5058 | D:5      | You add the spells Sting, Poisonous Vapours and Olgreb's
                  | Toxic Radiance to your library.
  5063 | D:5      | Noticed Grinder
  5073 | D:5      | Killed Grinder
  5074 | D:5      | Reached skill level 8 in Spellcasting
  5074 | D:5      | Reached XP level 8. HP: 23/46 MP: 6/20
  5603 | D:5      | HP: 11/46 [Pikel/+2 whip of flaming (9)]
  5606 | D:5      | HP: 2/46 [Pikel/+2 whip of flaming (6)]
  5606 | D:5      | Slain by Pikel

Vanquished Creatures
  Grinder (D:5)
  Eustachio (D:5)
  A black bear (D:4)
  An ice beast (D:5)
  An ogre (D:5)
  3 scorpions
  2 jellies (D:5)
  3 hounds (D:5)
  3 iguanas (D:5)
  6 adders
  A worm (D:2)
  7 orcs
  5 endoplasms
  A giant cockroach (D:1)
  3 hobgoblins (D:1)
  6 jackals
  2 quokkas (D:4)
  5 ball pythons
  4 bats
  A frilled lizard (D:2)
  7 goblins
  8 kobolds
  5 rats
77 creatures vanquished.

Table legend:
 A = Non-vault XP
 B = Vault XP
 C = Vault XP percentage of total XP
 D = Non-vault monster count
 E = Vault monster count
 F = Vault count percentage of total count
                 A         B        C        D         E       F
            +---------+---------+-------+---------+---------+-------
      Total |     905 |     686 |  43.1 |      67 |      10 |  13.0
            +---------+---------+-------+---------+---------+-------
        D:1 |      14 |       0 |   0.0 |      10 |       0 |   0.0
        D:2 |      56 |       3 |   5.1 |      19 |       3 |  13.6
        D:3 |      25 |       0 |   0.0 |       8 |       0 |   0.0
        D:4 |     258 |       0 |   0.0 |      16 |       0 |   0.0
        D:5 |     552 |     683 |  55.3 |      14 |       7 |  33.3
            +---------+---------+-------+---------+---------+-------

Illustrated notes

Table legend:
 A = Kills in this place as a percentage of kills in entire the game.
 B = Kills by you in this place as a percentage of kills by you in the entire game.
 C = Kills by friends in this place as a percentage of kills by friends in the entire game.
 D = Other kills in this place as a percentage of other kills in the entire game.
 E = Experience gained in this place as a percentage of experience gained in the entire game.
 F = Experience gained in this place divided by the number of levels of this place that you have seen.
                   A       B       C       D       E      F
               +-------+-------+-------+-------+-------+----------------------
         Total | 100.0 | 100.0 |   N/A |   N/A | 100.0 | 318.2
       Dungeon | 100.0 | 100.0 |   N/A |   N/A | 100.0 | 318.2
               +-------+-------+-------+-------+-------+----------------------

Table legend: (Time is in decaauts)
 A = Elapsed time spent in this place.
 B = Non-inter-level travel time spent in this place.
 C = Inter-level travel time spent in this place.
 D = Time resting spent in this place.
 E = Time spent auto-exploring this place.
 F = Levels seen in this place.
 G = Mean time per level.
                   A        B        C        D        E       F      G
               +--------+--------+--------+--------+--------+-----+--------+
         Total |   5609 |   5334 |    275 |    758 |   4037 |   5 | 1121.8 |
       Dungeon |   5609 |   5334 |    275 |    758 |   4037 |   5 | 1121.8 |
               +--------+--------+--------+--------+--------+-----+--------+

Top non-repeatable levels by time:
     D:5: 1460 daAuts
     D:2: 1272 daAuts
     D:4: 1130 daAuts
     D:3: 916 daAuts
     D:1: 830 daAuts
